 Dungeon Crawl Stone Soup version 0.30-a0-358-g0d69a1922f (webtiles) character file.

Game seed: 604354633865356378

79 Maxmaps the Magician (level 4, 0/29 HPs)
             Began as an Octopode Transmuter on Nov 10, 2022.
             Slain by a hound (4 damage)
             ... on level 2 of the Dungeon.
             The game lasted 00:01:36 (1335 turns).

Maxmaps the Magician (Octopode Transmuter)          Turns: 1335, Time: 00:01:37

Health: 0/29       AC:  1    Str:  9    XL:     4   Next: 37%
Magic:  7/8        EV: 12    Int: 17    God:
Gold:   80         SH:  3    Dex: 12    Spells: 5/9 levels left

rFire   . . .      SeeInvis .      - Unarmed
rCold   . . .      Faith    .    f - +0 buckler
rNeg    . . .      Spirit   .    (helmet currently unavailable)
rPois   .          Reflect  .    (no amulet)
rElec   .          Harm     .    (no ring)
rCorr   .          Rampage  .    (no ring)
Will    .....                    (no ring)
Stlth   ++........               (no ring)
HPRegen 0.24/turn                (no ring)
MPRegen 0.11/turn                (no ring)
                                 (no ring)
                                 (no ring)

@: appendages
A: tentacle spike 3, almost no armour, amphibious, 8 rings, camouflage 1,
gelatinous body 1, (nimble swimmer 1), tentacles
a: End Transformation


You were on level 2 of the Dungeon.
One of your tentacles had grown a beastly spike.
You visited 1 branch of the dungeon, and saw 2 of its levels.

You collected 80 gold pieces.

Inventory:

Armour
 f - a +0 buckler (worn)
Jewellery
 g - an amulet of magic regeneration
Scrolls
 d - a scroll of teleportation {unknown}
Potions
 a - 2 potions of lignification
 b - a potion of attraction {unknown}
 c - 2 potions of degeneration {unknown}
 e - a potion of heal wounds {unknown}
 h - a potion of invisibility {unknown}


   Skills:
 - Level 2.0 Fighting
 - Level 2.0 Dodging
 + Level 0.2 Shields
 - Level 3.0 Unarmed Combat
 - Level 3.1 Spellcasting
 - Level 3.0 Transmutations


You had 5 spell levels left.
You knew the following spells:

 Your Spells              Type           Power      Damage    Failure   Level
a - Beastly Appendage     Tmut           26%        N/A       7%          1
b - Spider Form           Tmut/Pois      7%         N/A       36%         3

Your spell library contained the following spells:

 Spells                   Type           Power      Damage    Failure   Level
 Wereblood                Tmut           13%        N/A       10%         2
 Ice Form                 Ice/Tmut       7%         N/A       77%         4


Dungeon Overview and Level Annotations

Branches:
Dungeon (2/15)

Altars:

Shops:
D:2 !


Innate Abilities, Weirdness & Mutations

One of your tentacles has grown a beastly spike.
You cannot wear most types of armour.
You are amphibious.
You can wear up to eight rings at the same time.
Your skin changes colour to match your surroundings (Stealth+).
Your rubbery body absorbs attacks. (AC +1, EV +1)
((You are camouflaged when in or above water. (Stealth+)))
You have tentacles for arms and can constrict up to eight enemies at once.


Message History

You are frozen.
You tentacle-slap the hound. Your grab misses the hound.
The hound is moderately wounded.
You block the hound's attack.
The ball python bites the plant.
The ball python grabs the plant.
The ball python constricts the plant.
The giant cockroach bites the plant.
The adder bites the plant.
The giant cockroach barely misses you.
The ball python loses its grip on the plant.
The hound bites you. The endoplasm hits you.
The hound attacks as you move away! The hound bites you.
The endoplasm attacks as you move away! The endoplasm closely misses you.
A nearby plant withers and dies.
The ball python bites the plant.
The ball python grabs the plant.
The ball python constricts the plant.
The giant cockroach bites you.
The giant cockroach attacks as you move away!
The giant cockroach misses you.
The ball python bites the plant.
The ball python constricts the plant.
The hound bites you.
* * * LOW HITPOINT WARNING * * *
A nearby plant withers and dies.
The ball python loses its grip on the plant.
The hound barely misses you. The hound bites you but does no damage.
The hound attacks as you move away! The hound bites you.
* * * LOW HITPOINT WARNING * * *
The hound closely misses you.
Casting: Beastly Appendage (safe; 7% risk of failure)
Confirm with . or Enter, or press ? or * to list all spells.
One of your tentacles grows a vicious spike.
The hound bites you.
* * * LOW HITPOINT WARNING * * *
You tentacle-slap the hound. You grab the hound. You squeeze the hound.
The hound is heavily wounded.
You constrict the hound. The hound closely misses you. x2
You barely miss the hound.
You pierce the hound.
The hound is heavily wounded.
You constrict the hound. The hound barely misses you.
You tentacle-slap the hound.
You pierce the hound.
The hound is almost dead.
You constrict the hound. The hound bites you.
You die...

~~.~~..J....... ♣.S# #..# ♣
♣~~~..#r# #..##♣♣ P~~~~...#
!♣.P. #.# #..#P♣~ ≈~~~~P..#
### #K# #.~P♣P~ ~~~~....#
#.# #.# #.♣P~P. ~~~P~...#
#.# #.# #...... ~~~P~P..##
####K# #.# ##..(...
~P~~~~...# #.@hB# #.#
#....~~P P~~P~....# #.####
#.# #.#..♣~~ ~~~~~~...# #.#
#.###.####~~ ####.....# #.#
##.##..^####~ #.....# #.#
#...........♣ ##.#### #.#
#..##...####P ##.##
##.#####..###.## #.
##.#.#######.........# #.#
#.
###.###.........#####.####.#
##


You could see a hound, a giant cockroach and a kobold.

Vanquished Creatures
  A hound (D:2)
  3 dart slugs
  6 ball pythons (D:1)
  3 endoplasms (D:1)
  2 giant cockroaches (D:1)
  6 hobgoblins
  4 jackals (D:1)
  A quokka (D:1)
  6 bats (D:1)
  2 frilled lizards (D:1)
  3 kobolds
  2 rats
39 creatures vanquished.

Vanquished Creatures (others)
  13 plants (D:2)
13 creatures vanquished.

Grand Total: 52 creatures vanquished

Notes
Turn   | Place    | Note
-------+----------+-------------------------------------------
     0 | D:1      | Maxmaps the Octopode Transmuter began the quest for the
                  | Orb.
     0 | D:1      | Reached XP level 1. HP: 13/13 MP: 3/3
   131 | D:1      | Reached XP level 2. HP: 10/19 MP: 5/5
   369 | D:1      | Reached XP level 3. HP: 21/24 MP: 7/7
   423 | D:1      | Found a faded altar of an unknown god.
   700 | D:1      | Learned a level 3 spell: Spider Form
   780 | D:2      | Found Vaneoc's Distillery.
   895 | D:2      | Reached XP level 4. HP: 16/29 MP: 8/8
  1335 | D:2      | Slain by a hound

Illustrated notes

Levels and vault maps discovered:
D:1:      enne_arrival_octagon_isle, layout_rooms,
          shapermc_ecumenical_altar_pompeii
D:2:      layout_loops_ring, basic_altar, serial_shops, shop, serial_bayou,
          serial_bayou_pond_e, serial_bayou_pond_b, serial_bayou_lagoon_a,
          serial_bayou_shore_a, serial_bayou_pond_c, serial_bayou_ford_a,
          lexackson_kobold_supper

Skill      XL: |  1  2  3  4 |
---------------+-------------+-----
Fighting       | 2 |  2.0
Spellcasting   | 3 |  3.1
Transmutations | 3 |  3.0
Dodging        | |  2.0
Shields        | |  0.2
Unarmed Combat | |  3.0

Action                   |  1- 3 |  4- 6 || total
-------------------------+-------+-------++-------
Melee: Unarmed           |    92 |    20 ||   112
       Constrict         |    26 |     6 ||    32
       Tentacles         |    24 |     5 ||    29
       Punch             |     1 |     3 ||     4
       Kick              |       |     2 ||     2
 Cast: Beastly Appendage |       |     2 ||     2
 Stab: Sleeping          |     1 |     2 ||     3
Armor: Skin              |    15 |     2 ||    17
Dodge: Dodged            |    75 |    15 ||    90
Block: Buckler           |       |     2 ||     2

Table legend: (Time is in decaauts)
 A = Elapsed time spent in this place.
 B = Non-inter-level travel time spent in this place.
 C = Inter-level travel time spent in this place.
 D = Time resting spent in this place.
 E = Time spent auto-exploring this place.
 F = Levels seen in this place.
 G = Mean time per level.
                   A        B        C        D        E       F      G
               +--------+--------+--------+--------+--------+-----+--------+
         Total |   1330 |   1301 |     29 |    275 |    743 |   2 |  665.0 |
       Dungeon |   1330 |   1301 |     29 |    275 |    743 |   2 |  665.0 |
               +--------+--------+--------+--------+--------+-----+--------+

Top non-repeatable levels by time:
     D:1: 753 daAuts
     D:2: 576 daAuts
